 Dungeon Crawl Stone Soup version 0.22.1-6-g1668fe2c40 (webtiles) character file.

118 Kohma the Vexing (level 4, -1/21 HPs)
             Began as a Spriggan Enchanter on Jan 20, 2019.
             Killed by divine providence
             ... invoked by an orc priest
              (13 damage)
             ... on level 3 of the Dungeon.
             The game lasted 00:08:12 (3160 turns).

Kohma the Vexing (Spriggan Enchanter)               Turns: 3160, Time: 00:08:13

Health: -1/21      AC:  2    Str:  4    XL:     4   Next: 72%
Magic:  11/11      EV: 18    Int: 16    God:
Gold:   132        SH:  0    Dex: 17    Spells: 5/11 levels left

rFire    . . .     SeeInvis +   a - +1 dagger
rCold    . . .     Gourm    .   (shield restricted)
rNeg     . . .     Faith    .   b - +0 robe
rPois    .         Spirit   .   (helmet restricted)
rElec    .         Reflect  .   (no cloak)
rCorr    .         Harm     .   (gloves unavailable)
MR       .....                  (boots unavailable)
Stlth    +++.......             (no amulet)
HPRegen  0.07/turn              (no ring)
MPRegen  0.12/turn              (no ring)

@: very quick
A: very small, unfitting armour, see invisible, herbivore, speed 3, slow
metabolism 2
a: no special abilities


You were on level 3 of the Dungeon.
You were not hungry.

You visited 1 branch of the dungeon, and saw 3 of its levels.

You collected 132 gold pieces.

Inventory:

Hand Weapons
 a - a +1 dagger (weapon)
 n - a +4 blowgun
Missiles
 g - 63 stones
 h - 13 sling bullets
 l - 29 poisoned needles
 o - 2 tomahawks (quivered)
Armour
 b - a +0 robe (worn)
Scrolls
 e - 6 scrolls of identify {unknown}
 k - a scroll of enchant weapon {unknown}
 m - a scroll of noise {unknown}
 p - a scroll of remove curse {unknown}
 q - a scroll of teleportation {unknown}
Potions
 c - a potion of ambrosia {unknown}
 f - a potion of lignification {unknown}
 i - a potion of agility {unknown}
 j - 3 potions of curing
Comestibles
 d - 4 rations


   Skills:
 + Level 2.2 Short Blades
 - Level 3.0 Dodging
 - Level 4.4 Stealth
 * Level 4.2 Spellcasting
 * Level 4.9 Hexes
 + Level 0.8 Ice Magic


You had 5 spell levels left.
You knew the following spells:

 Your Spells              Type           Power        Failure   Level  Hunger
a - Corona                Hex            ###....      2%          1    None
b - Ensorcelled Hibernat  Hex/Ice        ##....       8%          2    ##.....
c - Confuse               Hex            ###.....     6%          3    ###....

Your spell library contained the following spells:

 Spells                   Type           Power        Failure   Level  Hunger
 Tukima's Dance           Hex            ###.....     6%          3    ###....
 Dazzling Spray           Conj/Hex       ##....       19%         3    ###....


Dungeon Overview and Level Annotations

Branches:
Dungeon (3/15)

Altars:
Ashenzari
Gozag


Innate Abilities, Weirdness & Mutations

You are very small and have problems with some larger weapons.
You are too small for most types of armour.
You have supernaturally acute eyesight. (SInv)
You are a herbivore.
You cover ground extremely quickly.
You need to consume almost no food.


Message History

You barely miss the orc.
The orc is heavily wounded.
The orc closely misses you.
The orc priest shouts!
You hit the orc but do no damage.
The orc is heavily wounded.
The orc closely misses you.
You barely miss the orc.
The orc is heavily wounded.
The orc priest calls upon Beogh to heal the orc.
The orc's wounds heal themselves!
The orc hits you with a whip.
You hit the orc.
The orc is lightly wounded.
The orc closely misses you.
You hit the orc.
The orc is heavily wounded.
The orc priest mumbles some strange prayers to Beogh against you.
Beogh smites you!
Ouch! That really hurt!
You die...

.. ####### ### .. #.....### #..
.#.. #....... #.# .#.# #......#
#.##.#.# #......# #.#..#.#
#......#######.#)##.##
#......#.............# #
#......#......@..##..####
#......#......o###......#
#......#......o)......(.#
#.)....#........#.......#
#..........#....).......#
#......)...#.##.........# ###
##.........#.#####......#####..
#...†.......# #....o.....#..
#.........### #..........#..


You could see an orc priest and an orc.

Vanquished Creatures
  3 gnolls (D:3)
  3 adders (D:2)
  2 leopard geckos (D:1)
  2 orcs (D:3)
  5 giant cockroaches
  4 goblins
  9 hobgoblins
  6 jackals
  A quokka (D:2)
  6 bats
  2 frilled lizards (D:1)
  4 kobolds
  9 rats
56 creatures vanquished.

Notes
Turn   | Place    | Note
-------+----------+-------------------------------------------
     0 | D:1      | Kohma the Spriggan Enchanter began the quest for the Orb.
     0 | D:1      | Reached XP level 1. HP: 9/9 MP: 5/5
   452 | D:1      | Found a shattered altar of Ashenzari.
   463 | D:1      | Reached XP level 2. HP: 13/13 MP: 7/7
   467 | D:1      | Learned a level 2 spell: Ensorcelled Hibernation
  1304 | D:2      | Found an opulent altar of Gozag.
  1751 | D:2      | Reached XP level 3. HP: 4/16 MP: 1/8
  2497 | D:2      | Learned a level 3 spell: Confuse
  2745 | D:2      | Reached XP level 4. HP: 16/21 MP: 10/10
  3160 | D:3      | Killed from afar by an orc priest

Skill      XL: |  1  2  3  4 |
---------------+-------------+-----
Spellcasting   | 3 4 |  4.2
Hexes          | 4 |  4.9
Short Blades   | 2 |  2.2
Dodging        | |  3.0
Stealth        | |  4.4
Ice Magic      | |  0.8

Action                   |  1- 3 |  4- 6 || total
-------------------------+-------+-------++-------
Melee: Dagger            |   165 |    41 ||   206
Throw: Stone             |     1 |       ||     1
 Cast: Ensorcelled Hiber |    28 |     6 ||    34
  Use: Potion            |     1 |       ||     1
 Stab: Sleeping          |    19 |     7 ||    26
  Eat: Ration            |       |     1 ||     1
Armor: Robe              |    15 |       ||    15
Dodge: Dodged            |   186 |    28 ||   214
